 Dungeon Crawl Stone Soup version 0.25.1-2-g60ff931df9 (webtiles) character file.

Game seed: 9861440565309024766

109 Chiseanne the Magician (level 4, -8/30 HPs)
             Began as a Demonspawn Wizard on Oct 8, 2020.
             Killed by divine providence
             ... invoked by an orc priest
              (13 damage)
             ... on level 3 of the Dungeon.
             The game lasted 00:04:13 (2794 turns).

Chiseanne the Magician (Demonspawn Wizard)          Turns: 2794, Time: 00:04:14

Health: -8/30      AC:  2    Str:  7    XL:     4   Next: 59%
Magic:  0/10       EV: 12    Int: 20    God:
Gold:   20         SH:  0    Dex: 12    Spells: 5/11 levels left

rFire    . . .     SeeInvis .   a - +2 dagger (venom)
rCold    . . .     Gourm    .   (no shield)
rNeg     . . .     Faith    .   p - +0 robe
rPois    .         Spirit   +   b - +0 hat
rElec    .         Reflect  .   m - scarf {repulsion}
rCorr    .         Harm     .   (no gloves)
MR       .....                  (no boots)
Stlth    ++........             (no amulet)
HPRegen  0.10/turn              (no ring)
MPRegen  0.12/turn              (no ring)

@: repel missiles
A: magic shield
a: no special abilities


You were on level 3 of the Dungeon.
You were not hungry.

You visited 1 branch of the dungeon, and saw 4 of its levels.

You collected 20 gold pieces.

Inventory:

Hand Weapons
 a - a +2 dagger of venom (weapon)
Missiles
 e - 24 sling bullets
 i - 56 stones (quivered)
 j - 37 arrows
 r - 2 poisoned darts
Armour
 b - a +0 hat (worn)
 m - a scarf of repulsion (worn)
 p - a +0 robe (worn)
Jewellery
 h - a +4 ring of evasion {unknown}
 l - an uncursed ring of flight {unknown}
 s - an uncursed amulet of regeneration {unknown}
Scrolls
 g - a scroll of amnesia
 o - a scroll of random uselessness {unknown}
 q - a scroll of teleportation {unknown}
 t - a scroll of identify {unknown}
Potions
 c - 4 potions of curing {unknown}
 k - a potion of invisibility {unknown}
Comestibles
 d - 4 rations
 n - 4 chunks of flesh


   Skills:
 - Level 1.7 Dodging
 - Level 1.7 Stealth
 * Level 4.1 Spellcasting
 * Level 3.2 Conjurations
   Level 1.0 Summonings
 - Level 0.8 Translocations


You had 5 spell levels left.
You knew the following spells:

 Your Spells              Type           Power        Failure   Level  Hunger
a - Magic Dart            Conj           ###.         3%          1    None
b - Blink                 Tloc           N/A          14%         2    #......
d - Mephitic Cloud        Conj/Pois/Air  #.......     24%         3    ###....

Your spell library contained the following spells:

 Spells                   Type           Power        Failure   Level  Hunger
 Call Imp                 Summ           #.......     13%         2    #......
 Slow                     Hex            #.......     19%         2    #......
 Conjure Flame            Conj/Fire      ##......     21%         3    ###....


Dungeon Overview and Level Annotations

Branches:
Dungeon (4/15)
 Temple: D:4-7

Altars:

Annotations:
D:4 Sigmund


Innate Abilities, Weirdness & Mutations

When hurt, damage is shared between your health and your magic reserves.


Message History

You closely miss the orc. The orc hits you with a +3 mace.
The jackal bites you.
You closely miss the orc. The jackal barely misses you. The orc misses you.
The jackal bites you.
You barely miss the orc. The jackal bites you. The orc hits you with a +3 mace!
* * * LOW HITPOINT WARNING * * *
As you read the scroll labeled IGUFUE GIHI, it crumbles to dust.
It is a scroll of amnesia.
Really abort (and waste the scroll)?
Okay, then.
The jackal closely misses you. The orc hits you with a +3 mace.
* * * LOW HITPOINT WARNING * * *
Casting: Magic Dart (safe; 3% risk of failure)
Confirm with . or Enter, or press ? or * to list all spells.
You blink.
An orc priest comes into view. It is wielding a +0 whip.
The jackal closely misses you.
The orc priest calls down the wrath of Beogh upon you.
Beogh smites you!
You die...

.# ##.# .....#
..#..# ..#..#
#.#..# #.#..#
########.#@.#
.......#.#h.#
.......ยง.o..#
########.####
.oo# #####


You could see 2 orc priests, an orc and a jackal.

Vanquished Creatures
  A hound (D:3)
  3 gnolls (D:2)
  A dart slug (D:2)
  2 leopard geckos
  2 giant cockroaches
  3 goblins
  6 hobgoblins
  5 jackals
  2 quokkas
  A ball python (D:1)
  6 bats
  5 frilled lizards
  4 kobolds
  3 rats
44 creatures vanquished.

Notes
Turn   | Place    | Note
-------+----------+-------------------------------------------
     0 | D:1      | Chiseanne the Demonspawn Wizard began the quest for the
                  | Orb.
     0 | D:1      | Reached XP level 1. HP: 13/13 MP: 4/4
   553 | D:1      | Gained mutation: When hurt, damage is shared between your
                  | health and your magic reserves. [demonic ancestry]
   553 | D:1      | Reached XP level 2. HP: 11/19 MP: 3/6
  1478 | D:1      | Learned a level 2 spell: Blink
  2085 | D:3      | Reached XP level 3. HP: 24/24 MP: 4/8
  2462 | D:3      | Reached XP level 4. HP: 29/30 MP: 3/9
  2545 | D:2      | Reached skill level 4 in Spellcasting
  2694 | D:2      | Learned a level 3 spell: Mephitic Cloud
  2766 | D:2      | You fall into a shaft and drop 2 floors!
  2774 | D:4      | Noticed Sigmund
  2794 | D:3      | Killed from afar by an orc priest

Illustrated notes

Levels and vault maps discovered:
D:1:      saegor_arrival_simple_a, layout_basic, minmay_tall_x
D:2:      layout_basic, hangedman_feature_mirror
D:3:      layout_loops_ring, chequers_ecumenical_altar_simple_redux
D:4:      layout_rooms, grunt_temple_overflow_open,
          gammafunk_ghost_nasty_kobolds, uniq_natasha, uniq_sigmund

Skill      XL: |  1  2  3  4 |
---------------+-------------+-----
Conjurations   | 2 3 |  3.2
Spellcasting   | 4 |  4.1
Dodging        | |  1.7
Stealth        | |  1.7
Summonings     | |  1.0
Translocations | |  0.8

Action                   |  1- 3 |  4- 6 || total
-------------------------+-------+-------++-------
Melee: Club              |     8 |       ||     8
       Unarmed           |     5 |       ||     5
       Short sword       |     3 |       ||     3
       Dagger            |     7 |    10 ||    17
 Cast: Magic Dart        |    73 |    26 ||    99
       Blink             |       |     1 ||     1
  Use: Scroll            |       |     2 ||     2
 Stab: Sleeping          |     2 |       ||     2
  Eat: Chunk             |     4 |     2 ||     6
Armor: Robe              |     5 |     2 ||     7
Dodge: Dodged            |    31 |     8 ||    39
       Repelled          |     1 |     1 ||     2
